 Dungeon Crawl Stone Soup version 0.31-a0-1019-g3dd9dd1025 (webtiles) character file.

Game seed: 9724771220248193689

539 Malachi the Changeling (level 7, 0/67 HPs)
             Began as a Troll Shapeshifter on Nov 17, 2023.
             Was a Follower of Yredelemnul.
             Slain by a scorpion (4 damage)
             ... on level 6 of the Dungeon.
             The game lasted 00:03:51 (2517 turns).

Malachi the Changeling (Troll Shapeshifter)         Turns: 2517, Time: 00:03:52

Health: 0/67       AC:  4    Str: 25    XL:     7   Next: 5%
Magic:  6/6        EV:  9    Int:  6    God:    Yredelemnul [*.....]
Gold:   172        SH:  0    Dex:  9    Spells: 6/6 levels left

rFire   . .          .
                       - Unarmed
rCold   . . .        (no shield)
rNeg    . . .        a - +0 animal skin
rPois   .            (helmet currently unavailable)
rElec   .            (cloak currently unavailable)
rCorr   .            (gloves unavailable)
SInv    .            (boots unavailable)
Will    .....        (no amulet)
Stlth   +            (no ring)
HPRegen 1.11/turn    (no ring)
MPRegen 0.10/turn

%: no passive effects
@: beast-form
A: beast (slay +3), large, unfitting armour, claws 3, regeneration 1, shaggy fur
1, tough skin 1
a: Begin Untransformation, Renounce Religion, Recall Undead Harvest


You were on level 6 of the Dungeon.
You worshipped Yredelemnul.
Yredelemnul was noncommittal.
You were a hulking beast.
You visited 1 branch of the dungeon, and saw 5 of its levels.

You collected 172 gold pieces.

Inventory:

Hand Weapons
 s - the +11 spear "Demonbane" {freeze, rC++ Will+}
   (You found it on level 3 of the Dungeon)

   rC++:      It greatly protects you from cold.
   Will+:     It increases your willpower.
Armour
 a - a +0 animal skin (worn)
Talismans
 c - a beast talisman
 d - a flux talisman
 o - a blade talisman
Scrolls
 e - a scroll of butterflies {unknown}
 g - a scroll of noise {unknown}
 j - 4 scrolls of identify {unknown}
 l - 2 scrolls of teleportation {unknown}
 m - 2 scrolls of enchant armour {unknown}
 n - a scroll of poison {unknown}
 r - a scroll of torment {unknown}
 t - a scroll of immolation {unknown}
 u - 2 scrolls of amnesia {unknown}
Potions
 b - a potion of lignification
 f - 3 potions of might {unknown}
 h - a potion of heal wounds {unknown}
 i - a potion of ambrosia {unknown}
 k - a potion of resistance {unknown}
 p - a potion of mutation {unknown}
 q - a potion of degeneration {unknown}


   Skills:
 + Level 3.2 Fighting
 - Level 1.5 Dodging
 + Level 4.9 Unarmed Combat
 * Level 5.4 Shapeshifting


You had 6 spell levels left.
You didn't know any spells.
Your spell library was empty.

Dungeon Overview and Level Annotations

Branches:
Dungeon (4/15)
 Temple: D:4-7

Altars:
Elyvilon
Yredelemnul

Annotations:
D:6 semem's ghost, novice HuFi


Innate Abilities, Weirdness & Mutations

You are a hulking beast.
Your limbs bulge with bestial killing power. (Slay +3)
You are too large for most types of armour.
You have claws for hands.
Your natural rate of healing is unusually fast.
You are covered in fur. (AC +1)
You have tough skin. (AC +1)


Message History

Unknown command.
You closely miss semem's ghost.
Semem's ghost is moderately damaged.
Semem's ghost hits you! The jelly hits you but does no damage.
Your orc wizard zombie hits semem's ghost but does no damage.
Unknown command.
You mangle semem's ghost!!
Semem's ghost is heavily damaged.
Semem's ghost hits you. The jelly hits you but does no damage.
Your orc wizard zombie hits semem's ghost but does no damage.
The scorpion completely misses you.
Unknown command.
You barely miss semem's ghost.
Semem's ghost is heavily damaged.
Semem's ghost hits you. The jelly hits you.
You are splashed with acid.
The scorpion barely misses you.
Your orc wizard zombie barely misses semem's ghost.
Unknown command.
You closely miss semem's ghost.
Semem's ghost is heavily damaged.
Semem's ghost laughs, "And you think you're capable of finding the ORB?
I had it, you know.
Then I gave it away so I could steal it AGAIN."
Semem's ghost hits you. The jelly hits you but does no damage.
The scorpion barely misses you.
Unknown command.
You are too injured to fight recklessly!
Unknown command.
You are too injured to fight recklessly!
Unknown command.
You scratch the jelly.
Your claws burn!
The jelly is lightly wounded.
Semem's ghost hits you!
* * * LOW HITPOINT WARNING * * *
The jelly hits you.
* * * LOW HITPOINT WARNING * * *
You are splashed with acid!
* * * LOW HITPOINT WARNING * * *
Your orc wizard zombie hits semem's ghost but does no damage.
The scorpion stings you.
You die...
Your body rises from the dead as a mindless zombie.

......>'................
.......#................
##.....#.........#######
##.....#.........#......
#......##'####...#...#.$.#...
#......#.....#...'..#.#$.#...
#......#.....#...'.....$.#..
##.....#.....#.sWJY.#.#[.#.
##.....#.....#.Zh#...#...# .
.......#....)#..Z#.......# ...
......<#.....#...#########.....
.......#.....#.................
##...####....#....Z.........+##
##...####....##########.#......
.................. ..#......
.........[........ ..# .....
.................. ...+ .....


You could see a sky beast, a scorpion, a jelly, semem's ghost (ally target), a
friendly orc priest zombie and a friendly orc wizard zombie.

Vanquished Creatures
  3 scorpions
  An orc priest (D:6)
  A sleepcap (D:4)
  An iguana (D:4)
  4 orc wizards
  4 gnolls
  6 adders
  3 dart slugs
  5 orcs
  5 ball pythons
  7 bats
  11 endoplasms
  7 giant cockroaches
  7 goblins
  8 hobgoblins
  3 jackals (D:3)
  5 frilled lizards
  3 kobolds
  4 rats
88 creatures vanquished.

Vanquished Creatures (others)
  A ball python zombie (D:4)
1 creature vanquished.

Grand Total: 89 creatures vanquished

Notes
Turn   | Place    | Note
-------+----------+-------------------------------------------
     0 | D:1      | Malachi the Troll Shapeshifter began the quest for the Orb.
     0 | D:1      | Reached XP level 1. HP: 18/18 MP: 0/0
    50 | D:1      | Reached skill level 1 in Fighting
   106 | D:1      | Reached XP level 2. HP: 27/27 MP: 1/1
   350 | D:1      | Reached XP level 3. HP: 33/33 MP: 2/2
   381 | D:1      | Found a faded altar of an unknown god.
   392 | D:1      | Prayed at the altar of an unknown god.
   392 | D:1      | Became a worshipper of Elyvilon the Healer
   392 | D:1      | Reached * piety under Elyvilon
   920 | D:2      | Reached ** piety under Elyvilon
  1107 | D:2      | Reached XP level 4. HP: 42/42 MP: 3/3
  1746 | D:3      | Reached skill level 4 in Shapeshifting
  1746 | D:3      | Reached XP level 5. HP: 49/50 MP: 4/4
  1822 | D:3      | Found a basalt altar of Yredelemnul.
  1856 | D:3      | Fell from the grace of Elyvilon
  1856 | D:3      | Became a worshipper of Yredelemnul the Dark
  1902 | D:3      | Identified the +11 spear "Demonbane" {freeze, rC++ Will+}
  2265 | D:4      | Reached XP level 6. HP: 59/59 MP: 5/5
  2284 | D:4      | Reached skill level 5 in Shapeshifting
  2363 | D:4      | Reached * piety under Yredelemnul
  2401 | D:4      | You fall into a shaft and drop 2 floors!
  2421 | D:6      | Was forgiven by Elyvilon
  2478 | D:6      | Found a runed translucent gate.
  2480 | D:6      | Found a runed translucent gate.
  2480 | D:6      | Found a runed translucent gate.
  2482 | D:6      | Noticed semem's ghost (novice HuFi)
  2485 | D:6      | Noticed a sky beast
  2511 | D:6      | Reached XP level 7. HP: 54/67 MP: 6/6
  2517 | D:6      | Slain by a scorpion

Illustrated notes

Levels and vault maps discovered:
D:1:      dpeg_arrival_lava_altar, layout_loops_ring,
          nicolae_ecumenical_snake_handling
D:2:      layout_basic
D:3:      layout_basic, mainiacjoe_overflow_tiny_flanked,
          chequers_serial_rivers_micro_c, nrook_mini_backslash
D:4:      layout_cave_pools, lemuel_crystal_altar, jmf_multi_god_temple
D:6:      layout_gridville, pdpol_wu_jian_five_deadly_venoms,
          okawaru_metal_pillars_1_2, temple_doors_cd, gammafunk_ghost_split,
          uniq_sigmund, uniq_maggie, uniq_prince_ribbit1

Skill      XL: |  1  2  3  4  5  6 |
---------------+-------------------+-----
Fighting       | 1 2 3 |  3.2
Unarmed Combat | 4 |  4.9
Shapeshifting  | 4 5 |  5.4
Dodging        | |  1.5

Action                     |  1- 3 |  4- 6 |  7- 9 || total
---------------------------+-------+-------+-------++-------
  Melee: Unarmed           |    90 |   121 |     7 ||   218
         Punch             |     2 |     5 |       ||     7
   Stab: Sleeping          |     1 |       |       ||     1
 Armour: Animal skin       |    50 |    74 |    13 ||   137
  Dodge: Dodged            |    41 |    51 |     3 ||    95

Table legend: (Time is in decaauts)
 A = Elapsed time spent in this place.
 B = Non-inter-level travel time spent in this place.
 C = Inter-level travel time spent in this place.
 D = Time resting spent in this place.
 E = Time spent auto-exploring this place.
 F = Levels seen in this place.
 G = Mean time per level.
                   A        B        C        D        E       F      G
               +--------+--------+--------+--------+--------+-----+--------+
         Total |   2500 |   2408 |     92 |     61 |   1816 |   5 |  500.0 |
       Dungeon |   2500 |   2408 |     92 |     61 |   1816 |   5 |  500.0 |
               +--------+--------+--------+--------+--------+-----+--------+

Top non-repeatable levels by time:
     D:2: 787 daAuts
     D:1: 693 daAuts
     D:3: 689 daAuts
     D:4: 215 daAuts
     D:6: 114 daAuts
